 Dungeon Crawl Stone Soup version 0.29-a0-284-gf9362112df (webtiles) character file.

Game seed: 12531329007578705814

63 gzilladon the Poker (level 4, 0/34 HPs)
             Began as a Merfolk Gladiator on Mar 24, 2022.
             Slain by an adder (4 damage)
             ... on level 2 of the Dungeon.
             The game lasted 00:04:27 (1097 turns).

gzilladon the Poker (Merfolk Gladiator)             Turns: 1097, Time: 00:04:28

Health: 0/34       AC:  4    Str: 16    XL:     4   Next: 10%
Magic:  4/4        EV: 13    Int:  7    God:
Gold:   97         SH:  0    Dex: 15    Spells: 3/3 levels left

rFire   . . .      SeeInvis .   a - +0 trident
rCold   . . .      Faith    .   (no shield)
rNeg    . . .      Spirit   .   b - +0 leather armour
rPois   .          Reflect  .   c - +0 helmet
rElec   .          Harm     .   (no cloak)
rCorr   .          Rampage  .   (no gloves)
Will    .....                   (no boots)
Stlth   +.........              (no amulet)
HPRegen 0.11/turn               (no ring)
MPRegen 0.09/turn               (no ring)

@: lethally poisoned (0 -> -4)
A: (nimble swimmer 2), mertail
a: no special abilities


You were on level 2 of the Dungeon.
You visited 1 branch of the dungeon, and saw 2 of its levels.

You collected 97 gold pieces.

Inventory:

Hand Weapons
 a - a +0 trident (weapon)
Missiles
 d - 3 throwing nets (quivered)
 e - a javelin
 h - 34 stones
Armour
 b - a +0 leather armour (worn)
 c - a +0 helmet (worn)
Scrolls
 j - a scroll of acquirement
 l - a scroll of teleportation {unknown}
 n - a scroll of identify
 p - a scroll of fear {unknown}
Potions
 f - a potion of might {unknown}
 g - 2 potions of heal wounds {unknown}
 i - a potion of brilliance {unknown}
 k - 2 potions of flight {unknown}
 m - a potion of cancellation {unknown}
 o - a potion of attraction {unknown}


   Skills:
 + Level 2.3 Fighting
 + Level 5.2 Polearms
 + Level 2.1 Throwing
 + Level 1.0 Armour
 + Level 4.6 Dodging
 + Level 0.2 Stealth


You had 3 spell levels left.
You didn't know any spells.
Your spell library was empty.

Dungeon Overview and Level Annotations

Branches:
Dungeon (2/15)

Altars:


Innate Abilities, Weirdness & Mutations

((You are very nimble when in or above water. (Stealth+, EV+, Speed+++)))
Your lower body shifts to a powerful aquatic tail in water.


Message History

You puncture the adder!
The adder is almost dead.
The adder barely misses you. The adder bites you.
You are poisoned.
The adder poisons you!
You miss the adder.
The adder is almost dead.
You feel sick. The adder bites you but does no damage.
You barely miss the adder.
The adder is almost dead.
You feel sick. The adder misses you.
You closely miss the adder.
The adder is almost dead.
You feel sick. The adder bites you but does no damage. The adder bites you. x3
You miss the adder.
You feel sick. The adder barely misses you. The adder misses you.
You barely miss the adder.
You feel sick. The adder bites you. The adder closely misses you. x2
You barely miss the adder.
The adder is severely wounded.
You feel sick.
You are no longer poisoned.
The adder misses you. x2; The adder bites you.
* * * LOW HITPOINT WARNING * * *
You puncture the adder!
You kill the adder!
The adder bites you but does no damage.
Your Armour skill increases to level 1!
You have reached level 4!
You hit the adder.
The adder is moderately wounded.
The adder bites you.
* * * LOW HITPOINT WARNING * * *
You are lethally poisoned!
The adder poisons you! The adder bites you but does no damage.
You hit the adder.
The adder is heavily wounded.
* * * LOW HITPOINT WARNING * * *
You feel sick. The adder bites you.
You die...

# ...... .... ..#.......##### .#
# .#... #....#.#...........###.#
##..# #....#.................#
.#..# #....##................#
.#..# ........................
....# ........................
P8..# ...........................
...##...........S............†#.<
.P.##... .......@.#..............
...§§§## ........$#...........#..
...§§8.. .......###......######..
<.§.§§###.###### #......# #...
.§..§§§....# #).....# #...
..PP§§§....# #......# #...
...§.§#....########......# ####
....§..................##########
.....................###.........


You could see an adder.

Vanquished Creatures
  A gnoll (D:1)
  An adder (D:2)
  A worm (D:2)
  2 dart slugs
  4 bats (D:1)
  5 endoplasms
  3 giant cockroaches
  A goblin (D:1)
  2 hobgoblins (D:1)
  3 kobolds
  A quokka (D:1)
  5 ball pythons
  A ball python skeleton (D:2)
  A frilled lizard (D:1)
  5 rats
36 creatures vanquished.

Vanquished Creatures (others)
  A withered plant (D:2)
1 creature vanquished.

Grand Total: 37 creatures vanquished

Notes
Turn   | Place    | Note
-------+----------+-------------------------------------------
     0 | D:1      | gzilladon the Merfolk Gladiator began the quest for the
                  | Orb.
     0 | D:1      | Reached XP level 1. HP: 16/16 MP: 1/1
    84 | D:1      | Reached XP level 2. HP: 19/22 MP: 2/2
   447 | D:1      | Identified a scroll of acquirement
   465 | D:1      | Reached XP level 3. HP: 27/27 MP: 3/3
   543 | D:1      | Reached skill level 5 in Polearms
  1096 | D:2      | Reached skill level 1 in Armour
  1096 | D:2      | Reached XP level 4. HP: 9/34 MP: 4/4
  1097 | D:2      | Slain by an adder

Illustrated notes

Levels and vault maps discovered:
D:1:      eino_arrival_water_star, layout_loops_ring, nrook_mini_backslash
D:2:      layout_basic, serial_undead, serial_undead_c, serial_undead_e,
          serial_undead_e, serial_undead_e

Skill      XL: |  1  2  3 |
---------------+----------+-----
Polearms       | 5 |  5.2
Armour         | 1 |  1.0
Fighting       | |  2.3
Throwing       | |  2.1
Dodging        | |  4.6
Stealth        | |  0.2

Action                   |  1- 3 |  4- 6 || total
-------------------------+-------+-------++-------
Melee: Trident           |    99 |     2 ||   101
  Use: Scroll            |     1 |       ||     1
 Stab: Sleeping          |     1 |       ||     1
Armor: Leather armour    |    27 |     1 ||    28
Dodge: Dodged            |    81 |       ||    81

Table legend: (Time is in decaauts)
 A = Elapsed time spent in this place.
 B = Non-inter-level travel time spent in this place.
 C = Inter-level travel time spent in this place.
 D = Time resting spent in this place.
 E = Time spent auto-exploring this place.
 F = Levels seen in this place.
 G = Mean time per level.
                   A        B        C        D        E       F      G
               +--------+--------+--------+--------+--------+-----+--------+
         Total |   1099 |   1069 |     30 |    219 |      0 |   2 |  549.5 |
       Dungeon |   1099 |   1069 |     30 |    219 |      0 |   2 |  549.5 |
               +--------+--------+--------+--------+--------+-----+--------+

Top non-repeatable levels by time:
     D:1: 872 daAuts
     D:2: 227 daAuts
